 Dungeon Crawl Stone Soup version 0.29-a0-613-gf2c431b9b9 (webtiles) character file.

Game seed: 4793361281372836497

144 moldycheese5 the Ruffian (level 5, -4/43 HPs)
             Began as a Demonspawn Abyssal Knight on June 16, 2022.
             Was a Priest of Lugonu.
             Killed by divine providence
             ... invoked by an orc priest
              (10 damage)
             ... on level 3 of the Dungeon.
             The game lasted 00:06:56 (3296 turns).

moldycheese5 the Ruffian (DsAK)                     Turns: 3296, Time: 00:06:56

Health: -4/43      AC: 12    Str: 16    XL:     5   Next: 5%
Magic:  6/6        EV: 14    Int: 11    God:    Lugonu [***...]
Gold:   149        SH:  4    Dex: 19    Spells: 4/4 levels left

rFire   . . .      SeeInvis .     - Unarmed
rCold   . . .      Faith    .   (no shield)
rNeg    . . .      Spirit   .   h - +0 scale mail
rPois   .          Reflect  .   o - +1 hat
rElec   .          Harm     .   (no cloak)
rCorr   .          Rampage  .   (no gloves)
Will    .....                   (no boots)
Stlth   ..........              (no amulet)
HPRegen 0.14/turn               e - +4 ring of evasion
MPRegen 0.10/turn               k - +6 ring of dexterity

@: no status effects
A: rugged brown scales 1, icemail 1, condensation shield
a: Renounce Religion, Depart the Abyss, Bend Space, Banish


You were on level 3 of the Dungeon.
You worshipped Lugonu.
Lugonu was most pleased with you.
You visited 1 branch of the dungeon, and saw 3 of its levels.
You visited the Abyss 1 time.

You collected 149 gold pieces.

Inventory:

Missiles
 i - a throwing net
Armour
 a - a +0 leather armour
 h - a +0 scale mail (worn)
 o - a +1 hat (worn)
Jewellery
 e - a +4 ring of evasion (left hand)
 k - a +6 ring of dexterity (right hand)
Scrolls
 b - a scroll of magic mapping {unknown}
 c - 4 scrolls of identify {unknown}
 d - 2 scrolls of fog {unknown}
 f - a scroll of teleportation {unknown}
 g - a scroll of immolation {unknown}
 j - a scroll of noise {unknown}
 l - a scroll of poison {unknown}
Potions
 m - a potion of might {unknown}
 n - 2 potions of ambrosia {unknown}


   Skills:
 + Level 3.6 Fighting
 + Level 2.1 Armour
 + Level 1.4 Dodging
 + Level 0.4 Stealth
 + Level 0.6 Shields
 + Level 3.7 Unarmed Combat
 + Level 2.5 Invocations


You had 4 spell levels left.
You didn't know any spells.
Your spell library contained the following spells:

 Spells                   Type           Power      Damage    Failure   Level
 Apportation              Tloc           0%         N/A       78%         1
 Necrotize                Necr           0%         1d4       78%         1
 Summon Small Mammal      Summ           0%         N/A       78%         1


Dungeon Overview and Level Annotations

Branches:
Dungeon (3/15)

Altars:


Innate Abilities, Weirdness & Mutations

You are partially covered in rugged brown scales. (AC +1, +3% HP)
A meltable icy envelope protects you from harm. (AC +4)
A meltable shield of frost defends you. (SH +4)


Message History

You block the orc priest's attack.
You completely miss the orc priest.
The orc priest is lightly wounded.
The orc priest barely misses you.
You hit the orc priest but do no damage.
The orc priest is lightly wounded.
The orc priest completely misses you.
You hit the orc priest but do no damage.
The orc priest is lightly wounded.
You block the orc priest's attack.
You hit the orc priest but do no damage.
The orc priest is lightly wounded.
The orc priest barely misses you.
You barely miss the orc priest. Your punch misses the orc priest.
The orc priest is lightly wounded.
The orc priest calls down the wrath of Beogh upon you.
Pain shoots through your body!
You hit the orc priest but do no damage.
The orc priest is lightly wounded.
You block the orc priest's attack.
You hit the orc priest but do no damage.
You punch the orc priest.
The orc priest is moderately wounded.
The orc priest misses you.
You closely miss the orc priest. You punch the orc priest.
The orc priest is moderately wounded.
The orc priest hits you but does no damage.
You barely miss the orc priest.
The orc priest is moderately wounded.
You block the orc priest's attack.
You hit the orc priest.
The orc priest is heavily wounded.
The orc priest mumbles some strange prayers to Beogh against you.
Beogh smites you!
* * * LOW HITPOINT WARNING * * *
You hit the orc priest.
The orc priest is heavily wounded.
The orc priest mumbles some strange prayers to Beogh against you.
Beogh smites you!
You die...

.##.#.#..............#
..#....#.###########.######
..........................#
..######.#######.#.#.####.#
..#....#.# #......#.#
..#.##.#.# #.##.###.#
..#.##.#.# #..<†....#
..#'##.#.# ###.########
#......#.# #.@oooo...
....(..#.# #.########
#.....##.# #.# ..#...)..#
#.# ..#####..# #.# ..#
#..######.######## ..#
#............†...# ..#
#..######.######.#
..#####.[# #.# #.#


You could see an orc priest and 3 orcs.

Vanquished Creatures
  An iguana (D:2)
  Terence (D:3)
  2 adders (D:2)
  2 worms
  2 dart slugs (D:1)
  2 orcs
  2 bats
  4 endoplasms
  5 giant cockroaches
  6 goblins
  5 hobgoblins
  8 kobolds
  3 quokkas
  7 ball pythons
  6 frilled lizards
  5 rats
61 creatures vanquished.

Notes
Turn   | Place    | Note
-------+----------+-------------------------------------------
     0 | Abyss:1  | moldycheese5 the Demonspawn Abyssal Knight began the quest
                  | for the Orb.
     0 | Abyss:1  | Reached XP level 1. HP: 18/18 MP: 2/2
     0 | D:1      | Escaped the Abyss
    52 | D:1      | Reached ** piety under Lugonu
    72 | D:1      | Gained mutation: A meltable shield of frost defends you.
                  | (SH +4) [demonic ancestry]
    72 | D:1      | Reached XP level 2. HP: 12/24 MP: 3/3
   590 | D:1      | Reached skill level 1 in Dodging
   826 | D:1      | Reached XP level 3. HP: 28/29 MP: 4/4
  1058 | D:1      | Found a faded altar of an unknown god.
  1928 | D:2      | Gained mutation: You are partially covered in rugged brown
                  | scales. (AC +1, +3% HP) [demonic ancestry]
  1928 | D:2      | Reached XP level 4. HP: 30/38 MP: 5/5
  2748 | D:3      | Noticed Terence
  2785 | D:3      | Killed Terence
  2967 | D:3      | Gained mutation: A meltable icy envelope protects you from
                  | harm. (AC +4) [demonic ancestry]
  2967 | D:3      | Reached XP level 5. HP: 41/43 MP: 6/6
  3268 | D:3      | Reached *** piety under Lugonu
  3296 | D:3      | Killed from afar by an orc priest

Illustrated notes

Levels and vault maps discovered:
D:1:      matt_arrival_diagonals, layout_rooms,
          shapermc_ecumenical_altar_mp_highgroup
D:2:      layout_basic, minmay_quadrilaterals
D:3:      layout_basic, uniq_terence, uniq_crazy_yiuf_cottage

Skill      XL: |  1  2  3  4 |
---------------+-------------+-----
Unarmed Combat | 2 3 |  3.7
Dodging        | 1 |  1.4
Armour         | 2 |  2.1
Fighting       | |  3.6
Stealth        | |  0.4
Shields        | |  0.6
Invocations    | |  2.5

Action                   |  1- 3 |  4- 6 || total
-------------------------+-------+-------++-------
Melee: Unarmed           |   197 |   130 ||   327
       Punch             |     3 |     6 ||     9
Invok: Depart the Abyss  |     1 |       ||     1
 Stab: Sleeping          |     1 |       ||     1
Armor: Leather armour    |    34 |       ||    34
       Scale mail        |    20 |    15 ||    35
Dodge: Dodged            |   116 |    58 ||   174
Block: Other             |    31 |    14 ||    45

Table legend: (Time is in decaauts)
 A = Elapsed time spent in this place.
 B = Non-inter-level travel time spent in this place.
 C = Inter-level travel time spent in this place.
 D = Time resting spent in this place.
 E = Time spent auto-exploring this place.
 F = Levels seen in this place.
 G = Mean time per level.
                   A        B        C        D        E       F      G
               +--------+--------+--------+--------+--------+-----+--------+
         Total |   3283 |   3102 |    181 |    354 |   2193 |   4 |  820.8 |
       Dungeon |   3283 |   3102 |    181 |    354 |   2193 |   3 | 1094.3 |
         Abyss |      0 |      0 |      0 |      0 |      0 |   1 |    0.0 |
               +--------+--------+--------+--------+--------+-----+--------+

Top non-repeatable levels by time:
     D:2: 1419 daAuts
     D:1: 1164 daAuts
     D:3: 699 daAuts
